AoeStats
← merakudo

Arabia

510565604Analyzed
3v3 RM · 20h ago on Oct 1, 2026· 19m 30s· 6 players
Game mode
Random Map
Map size
Normal (6 player)
Population
200
Speed
Normal
Resources
Standard
Victory
Conquest
Starting age
Dark Age
Ending age
Imperial Age
RankedLock teamsTeams togetherTeam positionsShared explorationLock speedFull tech treeHidden civsTurbo modeCheats
Victory
Defeat
🇧🇪 Chinese · Belgium
972
+14
🇬🇪 Goths · Georgia
945
+15
🇺🇸 Vietnamese · United States
905
+45
🇪🇸 Franks · Spain
986
-18
🇪🇸 Tatars · Spain
944
-16
🇦🇷 Magyars · Argentina
827
-23
nasrek
0:39 Loom
10:11 Feudal Age
10:43 Double-Bit Axe
17:13 Wheelbarrow
16:36 Fletching
19:04 Padded Archer Armor
merakudo
6:26 Loom
13:26 Feudal Age
16:37 Wheelbarrow
Ts1ba
10:17 Feudal Age
10:25 Man-at-Arms
17:51 Horse Collar
19:12 Double-Bit Axe
rovaal5
5:00 Loom
10:25 Feudal Age
11:12 Double-Bit Axe
16:35 Castle Age
15:25 Gold Mining
18:32 Husbandry
civonachi
2:08 Loom
10:48 Feudal Age
16:51 Castle Age
18:03 Husbandry
19:18 Bloodlines
20:04 Forging
gerardosaa32
4:46 Loom
12:05 Feudal Age
15:24 Wheelbarrow
14:45 Double-Bit Axe
15:03 Horse Collar
15:51 Man-at-Arms
Connection lost

Rejoining the realm…

Still unreachable

The connection could not be restored.

Session expired

The server has moved on; the page needs a fresh start.